[Event "Live Chess"]
[Site "Chess.com"]
[Date "2010.12.14"]
[Round "-"]
[White "DimitrisC"]
[Black "hipposcottimus"]
[Result "0-1"]
[CurrentPosition "4r1k1/5pp1/8/p2bP2p/1p1P4/1n2B1Pq/1P2PQ1P/5RK1 w - -"]
[Timezone "UTC"]
[ECO "A20"]
[ECOUrl "https://www.chess.com/openings/English-Opening-Kings-English-Double-Whammy-Variation"]
[UTCDate "2010.12.14"]
[UTCTime "09:27:31"]
[WhiteElo "1407"]
[BlackElo "1646"]
[TimeControl "60"]
[Termination "hipposcottimus won on time"]
[StartTime "09:27:31"]
[EndDate "2010.12.14"]
[EndTime "09:29:31"]
[Link "https://www.chess.com/game/live/77155420"]

1. c4 e5 2. f4 e4 3. Nc3 Nf6 4. g3 d5 5. Bg2 dxc4 6. Nxe4 Be7 7. Qa4+ Bd7 8. Qxc4 O-O 9. Nf3 b5 10. Qd3 Nc6 11. Nxf6+ Bxf6 12. O-O Nb4 13. Qb3 a5 14. a3 Be6 15. Qe3 Nc2 16. Qd3 Nxa1 17. Qb1 Nb3 18. d3 c5 19. Bd2 b4 20. axb4 cxb4 21. Be3 h5 22. Ne5 Bxe5 23. fxe5 Qd7 24. Bxa8 Rxa8 25. d4 Re8 26. Qe1 Bd5 27. Qf2 Qh3 0-1

[Event "Live Chess"]
[Site "Chess.com"]
[Date "2010.12.14"]
[Round "-"]
[White "hipposcottimus"]
[Black "samyaaaa"]
[Result "0-1"]
[CurrentPosition "2k5/5rp1/2p5/7p/1Pp2rbP/8/PP3K2/R3R3 w - -"]
[Timezone "UTC"]
[ECO "C57"]
[ECOUrl "https://www.chess.com/openings/Italian-Game-Knight-Attack-Fritz-Variation-6.c3-b5"]
[UTCDate "2010.12.14"]
[UTCTime "09:24:39"]
[WhiteElo "1646"]
[BlackElo "1647"]
[TimeControl "60"]
[Termination "samyaaaa won on time"]
[StartTime "09:24:39"]
[EndDate "2010.12.14"]
[EndTime "09:26:50"]
[Link "https://www.chess.com/game/live/77154901"]

1. e4 e5 2. Nf3 Nc6 3. Bc4 Nf6 4. Ng5 d5 5. exd5 Nd4 6. c3 b5 7. cxd4 bxc4 8. dxe5 Nxd5 9. Nc3 Nxc3 10. dxc3 Qxd1+ 11. Kxd1 Be7 12. Nf3 Bg4 13. Ke2 O-O-O 14. Re1 Rhe8 15. Be3 f6 16. Bxa7 fxe5 17. Be3 e4 18. h3 exf3+ 19. gxf3 Bh5 20. Kf1 Bf6 21. Kg2 Bg6 22. Rh1 Bd3 23. h4 h5 24. Kh3 c6 25. f4 Bf5+ 26. Kg3 Be4 27. Rhg1 Bd3 28. Bb6 Rd7 29. Ba5 Rf7 30. Bb4 Be7 31. Kf3 Bxb4 32. cxb4 Be2+ 33. Kg2 Re4 34. f3 Rexf4 35. Rge1 Bxf3+ 36. Kf2 Bg4+ 0-1

[Event "Live Chess"]
[Site "Chess.com"]
[Date "2010.12.14"]
[Round "-"]
[White "hipposcottimus"]
[Black "keizer-inactive"]
[Result "1-0"]
[CurrentPosition "rk5r/pp1Q2pp/3B4/4N3/3P4/8/P1P2PPP/R2R2K1 b - -"]
[Timezone "UTC"]
[ECO "B01"]
[ECOUrl "https://www.chess.com/openings/Scandinavian-Defense-Mieses-Kotrc-Variation-3.Nc3"]
[UTCDate "2010.12.14"]
[UTCTime "09:22:25"]
[WhiteElo "1654"]
[BlackElo "1357"]
[TimeControl "60"]
[Termination "hipposcottimus won by checkmate"]
[StartTime "09:22:25"]
[EndDate "2010.12.14"]
[EndTime "09:24:07"]
[Link "https://www.chess.com/game/live/77154372"]

1. e4 d5 2. exd5 Qxd5 3. Nc3 Qe6+ 4. Be2 Qd7 5. d4 Qd8 6. Nf3 e6 7. O-O Bb4 8. Ne5 Qd5 9. Bf3 c5 10. Bxd5 Bxc3 11. bxc3 cxd4 12. Bb3 Ne7 13. cxd4 Bd7 14. Qf3 Bb5 15. Qxf7+ Kd8 16. Rd1 Re8 17. Bxe6 Nd7 18. Bxd7 Rh8 19. Ba3 Bxd7 20. Qxe7+ Kc8 21. Qxd7+ Kb8 22. Bd6# 1-0

[Event "Live Chess"]
[Site "Chess.com"]
[Date "2010.12.14"]
[Round "-"]
[White "keizer-inactive"]
[Black "hipposcottimus"]
[Result "0-1"]
[CurrentPosition "r4rk1/pp3ppp/5b1q/1Np1P3/3n4/5Q1P/PPP3P1/RN3R1K w - -"]
[Timezone "UTC"]
[ECO "A02"]
[ECOUrl "https://www.chess.com/openings/Birds-Opening-Froms-Gambit...3.exd6-Bxd6-4.Nf3-Nf6"]
[UTCDate "2010.12.14"]
[UTCTime "09:19:35"]
[WhiteElo "1360"]
[BlackElo "1651"]
[TimeControl "60"]
[Termination "hipposcottimus won on time"]
[StartTime "09:19:35"]
[EndDate "2010.12.14"]
[EndTime "09:21:34"]
[Link "https://www.chess.com/game/live/77153927"]

1. f4 e5 2. fxe5 d6 3. exd6 Bxd6 4. Nf3 Nf6 5. Nd4 c5 6. Nb5 Be7 7. e3 Bd7 8. N5c3 O-O 9. e4 Bg4 10. Be2 Qd7 11. Bxg4 Nxg4 12. h3 Bh4+ 13. Kf1 Nh6 14. Kg1 Qd4+ 15. Kh2 Qf2 16. Rf1 Bg3+ 17. Kh1 Qd4 18. d3 Nc6 19. Nb5 Qf6 20. Bxh6 Qxh6 21. Qf3 Be5 22. d4 Bf6 23. e5 Nxd4 0-1

[Event "Live Chess"]
[Site "Chess.com"]
[Date "2010.12.14"]
[Round "-"]
[White "hipposcottimus"]
[Black "keizer-inactive"]
[Result "1-0"]
[CurrentPosition "8/7p/R5p1/3R3k/8/1P3K1P/P7/8 b - -"]
[Timezone "UTC"]
[ECO "B01"]
[ECOUrl "https://www.chess.com/openings/Scandinavian-Defense-2.e5"]
[UTCDate "2010.12.14"]
[UTCTime "09:16:48"]
[WhiteElo "1648"]
[BlackElo "1363"]
[TimeControl "60"]
[Termination "hipposcottimus won on time"]
[StartTime "09:16:48"]
[EndDate "2010.12.14"]
[EndTime "09:18:58"]
[Link "https://www.chess.com/game/live/77153433"]

1. e4 d5 2. e5 d4 3. c3 dxc3 4. Nxc3 e6 5. d4 c5 6. Nf3 cxd4 7. Bb5+ Bd7 8. Nxd4 Bxb5 9. Ndxb5 a6 10. Nd4 Nc6 11. Nxc6 Qxd1+ 12. Nxd1 bxc6 13. O-O Bc5 14. Kh1 Ne7 15. f4 O-O 16. Be3 Bxe3 17. Nxe3 Rab8 18. b3 Nd5 19. Nc4 Rb4 20. g4 f6 21. f5 fxe5 22. Nxe5 Ne3 23. Rf3 Nc2 24. Rc1 Nd4 25. Nxc6 Nxc6 26. Rxc6 Rxg4 27. Rxe6 Rxf5 28. Rxf5 g6 29. Rfe5 Kg7 30. Rd5 Kh6 31. Rxa6 Re4 32. h3 Re1+ 33. Kg2 Re2+ 34. Kf3 Rd2 35. Rxd2 Kh5 36. Rd5+ 1-0

[Event "Live Chess"]
[Site "Chess.com"]
[Date "2010.12.14"]
[Round "-"]
[White "keizer-inactive"]
[Black "hipposcottimus"]
[Result "0-1"]
[CurrentPosition "2r2r1k/8/p5Pp/n1p5/1p3PP1/4P3/P1K5/8 w - -"]
[Timezone "UTC"]
[ECO "D02"]
[ECOUrl "https://www.chess.com/openings/Queens-Pawn-Opening-Zukertort-Variation"]
[UTCDate "2010.12.14"]
[UTCTime "09:14:29"]
[WhiteElo "1366"]
[BlackElo "1645"]
[TimeControl "60"]
[Termination "hipposcottimus won on time"]
[StartTime "09:14:29"]
[EndDate "2010.12.14"]
[EndTime "09:16:36"]
[Link "https://www.chess.com/game/live/77153009"]

1. Nf3 d5 2. d4 Bg4 3. Ne5 Nf6 4. f3 Bf5 5. g4 Bg6 6. Nxg6 fxg6 7. h4 Nc6 8. Bg5 e5 9. Bxf6 Qxf6 10. dxe5 Qxe5 11. Nc3 d4 12. Nb5 Bb4+ 13. c3 dxc3 14. bxc3 Qxb5 15. cxb4 Qxb4+ 16. Qd2 O-O 17. Qxb4 Nxb4 18. e3 Nc2+ 19. Kd1 Nxa1 20. Bc4+ Kh8 21. Ke2 Nc2 22. Kd2 Nb4 23. Kc3 Nc6 24. Rd1 a6 25. f4 b5 26. Bb3 Na5 27. Bd5 Rac8 28. Bc6 Nxc6 29. h5 Na5 30. hxg6 c5 31. Rh1 b4+ 32. Kc2 h6 33. Rxh6+ gxh6 0-1

[Event "Live Chess"]
[Site "Chess.com"]
[Date "2010.12.14"]
[Round "-"]
[White "hipposcottimus"]
[Black "keizer-inactive"]
[Result "1-0"]
[CurrentPosition "r3r1k1/1q3ppp/1p1B4/p7/P4P2/8/1P2RQPP/2R3K1 b - -"]
[Timezone "UTC"]
[ECO "B01"]
[ECOUrl "https://www.chess.com/openings/Scandinavian-Defense-Mieses-Kotrc-Variation-3.Nc3"]
[UTCDate "2010.12.14"]
[UTCTime "09:12:08"]
[WhiteElo "1642"]
[BlackElo "1369"]
[TimeControl "60"]
[Termination "hipposcottimus won on time"]
[StartTime "09:12:08"]
[EndDate "2010.12.14"]
[EndTime "09:14:13"]
[Link "https://www.chess.com/game/live/77152525"]

1. e4 d5 2. exd5 Qxd5 3. Nc3 Qe6+ 4. Be2 Nc6 5. d4 Qd6 6. d5 Ne5 7. Nf3 Nxf3+ 8. Bxf3 b6 9. O-O Nf6 10. Ne4 Nxe4 11. Bxe4 Bb7 12. c4 e6 13. f4 exd5 14. cxd5 Be7 15. Bd2 O-O 16. a3 c6 17. Bb4 Qd8 18. dxc6 Ba6 19. Qe1 Qc8 20. Rf2 Bb5 21. a4 Bxc6 22. Bxe7 Re8 23. Bxc6 Qxc6 24. Re2 Qc7 25. Rc1 Qb7 26. Qf2 a5 27. Bd6 1-0

[Event "Live Chess"]
[Site "Chess.com"]
[Date "2010.12.14"]
[Round "-"]
[White "keizer-inactive"]
[Black "hipposcottimus"]
[Result "0-1"]
[CurrentPosition "r3r1k1/p1p2ppp/3N4/3Q4/8/2P2P1P/PP2n2R/R1B3qK w - -"]
[Timezone "UTC"]
[ECO "D02"]
[ECOUrl "https://www.chess.com/openings/Queens-Pawn-Opening-Zukertort-Variation"]
[UTCDate "2010.12.14"]
[UTCTime "09:10:13"]
[WhiteElo "1372"]
[BlackElo "1639"]
[TimeControl "60"]
[Termination "hipposcottimus won by checkmate"]
[StartTime "09:10:13"]
[EndDate "2010.12.14"]
[EndTime "09:11:43"]
[Link "https://www.chess.com/game/live/77152184"]

1. Nf3 d5 2. d4 Bg4 3. h3 Bxf3 4. exf3 Nc6 5. Bb5 Nf6 6. Bxc6+ bxc6 7. c3 e6 8. Qb3 Bd6 9. Nd2 O-O 10. Nf1 e5 11. dxe5 Bxe5 12. f4 Bd6 13. g3 Re8+ 14. Ne3 c5 15. O-O c4 16. Qb5 Ne4 17. Qxd5 Qf6 18. f3 Nxg3 19. Rf2 Qxf4 20. Nxc4 Qh4 21. Rh2 Ne2+ 22. Kh1 Qg3 23. Nxd6 Qg1# 0-1

[Event "Live Chess"]
[Site "Chess.com"]
[Date "2010.12.14"]
[Round "-"]
[White "hipposcottimus"]
[Black "keizer-inactive"]
[Result "1-0"]
[CurrentPosition "8/7p/3B1kp1/2PP4/4P1b1/8/2r3PP/5RK1 b - -"]
[Timezone "UTC"]
[ECO "B22"]
[ECOUrl "https://www.chess.com/openings/Alapin-Sicilian-Defense-2...e6-3.d4"]
[UTCDate "2010.12.14"]
[UTCTime "09:07:46"]
[WhiteElo "1636"]
[BlackElo "1375"]
[TimeControl "60"]
[Termination "hipposcottimus won on time"]
[StartTime "09:07:46"]
[EndDate "2010.12.14"]
[EndTime "09:09:59"]
[Link "https://www.chess.com/game/live/77151718"]

1. e4 e6 2. d4 c5 3. c3 c4 4. b3 d6 5. bxc4 Nc6 6. Nf3 f6 7. Be2 e5 8. d5 Na5 9. O-O f5 10. Bd3 fxe4 11. Bxe4 Nf6 12. Qe2 Nxe4 13. Qxe4 g6 14. Ba3 Bf5 15. Qe1 Nxc4 16. Bb4 a5 17. Na3 Nxa3 18. Bxa3 b5 19. Bb2 e4 20. Nd4 Qf6 21. Nxb5 Rb8 22. Rb1 Rxb5 23. c4 Rb4 24. Bxf6 Rg8 25. Rxb4 axb4 26. Qxb4 Be7 27. Qb8+ Kf7 28. Bxe7 Rxb8 29. Bxd6 Kf6 30. Re1 Rb2 31. f3 Rxa2 32. fxe4 Bg4 33. c5 Rc2 34. Rf1+ 1-0

[Event "Live Chess"]
[Site "Chess.com"]
[Date "2010.12.14"]
[Round "-"]
[White "kitbits"]
[Black "hipposcottimus"]
[Result "0-1"]
[CurrentPosition "2br2k1/p2r2pp/5p2/5nP1/5N2/1P5P/P1K5/R3R3 w - -"]
[Timezone "UTC"]
[ECO "A40"]
[ECOUrl "https://www.chess.com/openings/Englund-Gambit-2.dxe5"]
[UTCDate "2010.12.14"]
[UTCTime "09:05:07"]
[WhiteElo "987"]
[BlackElo "1633"]
[TimeControl "60"]
[Termination "hipposcottimus won on time"]
[StartTime "09:05:07"]
[EndDate "2010.12.14"]
[EndTime "09:07:06"]
[Link "https://www.chess.com/game/live/77151124"]

1. d4 e5 2. dxe5 Qf6 3. f4 Qxe5 4. fxe5 Bd6 5. Qd4 Ne7 6. c4 c5 7. Qd1 Bxe5 8. Nf3 Bf6 9. h3 O-O 10. g4 Nbc6 11. g5 Bd4 12. e3 Be5 13. Nxe5 Nxe5 14. Bg2 f6 15. Qd6 Nf5 16. Be4 Nxd6 17. Bxb7 Nxb7 18. Nc3 Nxc4 19. Nb5 Nbd6 20. Nc7 Rb8 21. b3 Rb7 22. Nd5 Nxe3 23. Bxe3 Re8 24. Kd2 Nf5 25. Bxc5 d6 26. Bxd6 Nxd6 27. Nf4 Rd7 28. Rhe1 Nf5+ 29. Kc2 Red8 0-1

[Event "Live Chess"]
[Site "Chess.com"]
[Date "2010.12.14"]
[Round "-"]
[White "hipposcottimus"]
[Black "kitbits"]
[Result "1-0"]
[CurrentPosition "2r1q1nr/7p/5k1b/p1p3p1/4Q1B1/3PP3/1P3PPP/R4RK1 b - -"]
[Timezone "UTC"]
[ECO "A00"]
[ECOUrl "https://www.chess.com/openings/Ware-Opening-1...e5"]
[UTCDate "2010.12.14"]
[UTCTime "09:02:27"]
[WhiteElo "1633"]
[BlackElo "987"]
[TimeControl "60"]
[Termination "hipposcottimus won on time"]
[StartTime "09:02:27"]
[EndDate "2010.12.14"]
[EndTime "09:04:32"]
[Link "https://www.chess.com/game/live/77150625"]

1. a4 e5 2. c4 f6 3. d3 c5 4. Bd2 Nc6 5. a5 b6 6. e3 bxa5 7. Qa4 g5 8. Bxa5 Qe7 9. Bc3 a5 10. Na3 Bh6 11. Nb5 Qd8 12. Be2 Ba6 13. Bh5+ Ke7 14. Nf3 Bxb5 15. cxb5 e4 16. bxc6 dxc6 17. Qxc6 exf3 18. Bxf3 Rc8 19. Bxf6+ Kf7 20. Qe4 Kxf6 21. O-O Qe8 22. Bg4 1-0

[Event "Live Chess"]
[Site "Chess.com"]
[Date "2010.12.14"]
[Round "-"]
[White "kitbits"]
[Black "hipposcottimus"]
[Result "0-1"]
[CurrentPosition "3r2k1/pp4pp/2p1r3/4p3/3nN3/7P/P2K2P1/3R2NR w - -"]
[Timezone "UTC"]
[ECO "D00"]
[ECOUrl "https://www.chess.com/openings/Queens-Pawn-Opening-1...d5-2.e3"]
[UTCDate "2010.12.14"]
[UTCTime "09:00:15"]
[WhiteElo "987"]
[BlackElo "1633"]
[TimeControl "60"]
[Termination "hipposcottimus won on time"]
[StartTime "09:00:15"]
[EndDate "2010.12.14"]
[EndTime "09:02:02"]
[Link "https://www.chess.com/game/live/77150206"]

1. d4 d5 2. e3 c6 3. h3 Nd7 4. f4 e5 5. dxe5 Nxe5 6. fxe5 Bb4+ 7. c3 Ba5 8. b4 Bc7 9. Qd4 f6 10. e4 fxe5 11. Qc5 Bd6 12. Qxd6 Qxd6 13. exd5 Qxd5 14. c4 Nf6 15. cxd5 O-O 16. Bg5 Nxd5 17. Bf6 Rxf6 18. Bc4 Be6 19. Nc3 Nxb4 20. Bxe6+ Rxe6 21. Rd1 Nc2+ 22. Kd2 Nd4 23. Ne4 Rd8 0-1

[Event "Live Chess"]
[Site "Chess.com"]
[Date "2010.12.14"]
[Round "-"]
[White "hipposcottimus"]
[Black "realproto"]
[Result "1-0"]
[CurrentPosition "7k/p1p5/2pp4/8/6r1/2P1bPB1/PP4RP/7K b - -"]
[Timezone "UTC"]
[ECO "B00"]
[ECOUrl "https://www.chess.com/openings/Nimzowitsch-Defense-2.d4-e6"]
[UTCDate "2010.12.14"]
[UTCTime "08:55:02"]
[WhiteElo "1633"]
[BlackElo "1622"]
[TimeControl "60"]
[Termination "hipposcottimus won on time"]
[StartTime "08:55:02"]
[EndDate "2010.12.14"]
[EndTime "08:57:10"]
[Link "https://www.chess.com/game/live/77149256"]

1. e4 Nc6 2. d4 e6 3. e5 Bb4+ 4. c3 Ba5 5. Nf3 Nge7 6. Bb5 O-O 7. O-O d6 8. Bf4 f5 9. exf6 gxf6 10. Bh6 Rf7 11. Nh4 Ng6 12. Qg4 e5 13. Nxg6 Bxg4 14. Bxc6 bxc6 15. f3 hxg6 16. fxg4 f5 17. gxf5 Rxf5 18. Nd2 Qh4 19. Rxf5 gxf5 20. Be3 f4 21. Bf2 Qg4 22. Rf1 exd4 23. Ne4 f3 24. Nf6+ Kh8 25. Nxg4 Rg8 26. Bg3 d3 27. gxf3 Bb6+ 28. Kh1 d2 29. Rd1 Rxg4 30. Rxd2 Be3 31. Rg2 1-0

[Event "Live Chess"]
[Site "Chess.com"]
[Date "2010.12.14"]
[Round "-"]
[White "realproto"]
[Black "hipposcottimus"]
[Result "1-0"]
[CurrentPosition "4nrk1/R3Q1pp/8/8/8/2P3PP/5PB1/6K1 b - -"]
[Timezone "UTC"]
[ECO "A00"]
[ECOUrl "https://www.chess.com/openings/Saragossa-Opening-Hanham-Variation-Hayward-Variation"]
[UTCDate "2010.12.14"]
[UTCTime "08:52:40"]
[WhiteElo "1630"]
[BlackElo "1625"]
[TimeControl "60"]
[Termination "realproto won on time"]
[StartTime "08:52:40"]
[EndDate "2010.12.14"]
[EndTime "08:54:41"]
[Link "https://www.chess.com/game/live/77148819"]

1. c3 e5 2. Qc2 d5 3. Nf3 e4 4. Nd4 c5 5. Nb3 Nf6 6. e3 c4 7. Nd4 Be7 8. Be2 O-O 9. O-O Nc6 10. b3 Nxd4 11. exd4 Qc7 12. bxc4 Bd6 13. g3 dxc4 14. Na3 Be6 15. Nb5 Qc6 16. Nxd6 Qxd6 17. a4 a6 18. Ba3 Rac8 19. Bxd6 Bh3 20. Bxf8 Bxf1 21. Bxf1 Rxf8 22. Bg2 e3 23. dxe3 Ng4 24. e4 Re8 25. e5 f6 26. Qa2 b5 27. axb5 axb5 28. Qa6 fxe5 29. Qxb5 exd4 30. Qxc4+ Kh8 31. h3 Nf6 32. Qxd4 Rf8 33. Ra7 Ne8 34. Qd7 Kg8 35. Qe7 1-0

[Event "Live Chess"]
[Site "Chess.com"]
[Date "2010.12.14"]
[Round "-"]
[White "hipposcottimus"]
[Black "realproto"]
[Result "0-1"]
[CurrentPosition "4rrk1/ppp2pb1/6Np/8/2P4B/4n2R/PP4qP/R6K w - -"]
[Timezone "UTC"]
[ECO "B06"]
[ECOUrl "https://www.chess.com/openings/Modern-Defense-with-1-e4-2.Nf3"]
[UTCDate "2010.12.14"]
[UTCTime "08:50:37"]
[WhiteElo "1633"]
[BlackElo "1622"]
[TimeControl "60"]
[Termination "realproto won by checkmate"]
[StartTime "08:50:37"]
[EndDate "2010.12.14"]
[EndTime "08:52:20"]
[Link "https://www.chess.com/game/live/77148486"]

1. e4 g6 2. Nf3 Bg7 3. e5 e6 4. d4 Ne7 5. c4 O-O 6. Nc3 d6 7. Be2 dxe5 8. dxe5 Qe8 9. O-O Nd7 10. Nd4 Nxe5 11. f4 N5c6 12. Nf3 Bd7 13. Ng5 Rd8 14. Bd3 Bc8 15. Qf3 Nd4 16. Qh3 h6 17. Nf3 Nxf3+ 18. Rxf3 Qd7 19. Bd2 Nf5 20. Be1 e5 21. Bh4 Rde8 22. Be4 Qd4+ 23. Kh1 exf4 24. Nd5 Ne3 25. Nxf4 Bxh3 26. Rxh3 Qxe4 27. Nxg6 Qxg2# 0-1

[Event "Live Chess"]
[Site "Chess.com"]
[Date "2010.12.14"]
[Round "-"]
[White "realproto"]
[Black "hipposcottimus"]
[Result "1-0"]
[CurrentPosition "5rk1/p2Q2pp/1p2P1b1/3P2N1/8/4n3/PP4PK/R7 b - -"]
[Timezone "UTC"]
[ECO "A04"]
[ECOUrl "https://www.chess.com/openings/Reti-Opening-Ross-Gambit"]
[UTCDate "2010.12.14"]
[UTCTime "08:48:24"]
[WhiteElo "1613"]
[BlackElo "1642"]
[TimeControl "60"]
[Termination "realproto won on time"]
[StartTime "08:48:24"]
[EndDate "2010.12.14"]
[EndTime "08:50:23"]
[Link "https://www.chess.com/game/live/77148064"]

1. Nf3 e5 2. e3 e4 3. Ne5 d6 4. Nxf7 Kxf7 5. Bc4+ d5 6. Bb3 Nf6 7. O-O Bd6 8. f3 Rf8 9. d3 Kg8 10. fxe4 Kh8 11. exd5 Nxd5 12. Nd2 Nc6 13. Bxd5 Bxh2+ 14. Kxh2 Qxd5 15. Rxf8+ Qg8 16. Rxg8+ Kxg8 17. Ne4 Bf5 18. Ng5 Rf8 19. Qh5 Bg6 20. Qh4 Ne7 21. e4 c6 22. Be3 b6 23. d4 Re8 24. c4 Rd8 25. e5 Nf5 26. Qf4 Rf8 27. Qg4 Nxe3 28. Qd7 Nf5 29. d5 cxd5 30. cxd5 Ne3 31. e6 1-0

[Event "Live Chess"]
[Site "Chess.com"]
[Date "2010.12.14"]
[Round "-"]
[White "thelastemperor"]
[Black "hipposcottimus"]
[Result "1-0"]
[CurrentPosition "Q5Q1/5p1p/6pk/8/5KPP/4r3/8/8 b - -"]
[Timezone "UTC"]
[ECO "C20"]
[ECOUrl "https://www.chess.com/openings/Kings-Pawn-Opening-Leonardis-Variation"]
[UTCDate "2010.12.14"]
[UTCTime "08:45:46"]
[WhiteElo "1634"]
[BlackElo "1651"]
[TimeControl "60"]
[Termination "thelastemperor won on time"]
[StartTime "08:45:46"]
[EndDate "2010.12.14"]
[EndTime "08:48:02"]
[Link "https://www.chess.com/game/live/77147619"]

1. e4 e5 2. d3 Nc6 3. Be2 Nf6 4. Nf3 d6 5. O-O Be7 6. Bg5 Bg4 7. Bxf6 Bxf6 8. h3 Bh5 9. Nc3 Bg6 10. Nd5 Nd4 11. Nxf6+ Qxf6 12. Nxd4 exd4 13. Bf3 O-O 14. c3 d5 15. exd5 Qd6 16. cxd4 c6 17. dxc6 bxc6 18. d5 cxd5 19. Re1 Rab8 20. d4 Rxb2 21. a4 a5 22. Re2 Rb4 23. Rc2 Rfb8 24. Rc5 Be4 25. Bxe4 dxe4 26. Rb5 R8xb5 27. axb5 Rxd4 28. Qe1 Qe5 29. Rxa5 Rd3 30. b6 Qxa5 31. Qxa5 Rd1+ 32. Kh2 e3 33. fxe3 g6 34. Qa8+ Kg7 35. b7 Rd7 36. b8=Q Re7 37. Qg8+ Kh6 38. g4 Rxe3 39. h4 Re2+ 40. Kh3 Re3+ 41. Kg2 Re2+ 42. Kg3 Re3+ 43. Kf4 1-0

[Event "Live Chess"]
[Site "Chess.com"]
[Date "2010.12.14"]
[Round "-"]
[White "hipposcottimus"]
[Black "thelastemperor"]
[Result "1-0"]
[CurrentPosition "6k1/1PK2p2/r7/1q6/8/8/8/8 b - -"]
[Timezone "UTC"]
[ECO "C41"]
[ECOUrl "https://www.chess.com/openings/Philidor-Defense-3.d4"]
[UTCDate "2010.12.14"]
[UTCTime "08:43:16"]
[WhiteElo "1660"]
[BlackElo "1625"]
[TimeControl "60"]
[Termination "hipposcottimus won on time"]
[StartTime "08:43:16"]
[EndDate "2010.12.14"]
[EndTime "08:45:34"]
[Link "https://www.chess.com/game/live/77147143"]

1. e4 e5 2. Nf3 d6 3. d4 Be7 4. dxe5 dxe5 5. Bd2 Nd7 6. Nc3 Ngf6 7. Bb5 O-O 8. O-O c6 9. Ba4 b5 10. Bb3 b4 11. Ne2 c5 12. c3 bxc3 13. Bxc3 a5 14. Ba4 Ba6 15. Nd2 Bxe2 16. Qxe2 Bd6 17. f4 exf4 18. Bxd7 Qxd7 19. Bxf6 gxf6 20. Qg4+ Qxg4 21. h3 Qg3 22. Nf3 Rfe8 23. Rad1 Rxe4 24. Rxd6 Rae8 25. Rxf6 Re2 26. Nh4 Qxh4 27. R6xf4 Qg3 28. Rg4+ Qxg4 29. hxg4 Re1 30. Kf2 Rxf1+ 31. Kxf1 Re4 32. g5 Rg4 33. b3 Rxg5 34. Kf2 Rg4 35. g3 Re4 36. Kf3 Rd4 37. Ke3 Rd1 38. Ke2 Ra1 39. Kd3 Rxa2 40. Kc4 Rg2 41. Kxc5 Rxg3 42. Kb5 h5 43. Kxa5 h4 44. Ka4 h3 45. b4 h2 46. b5 Rc3 47. Ka5 h1=Q 48. Ka6 Qb1 49. b6 Ra3+ 50. Kb7 Qb5 51. Kc7 Ra6 52. b7 1-0

[Event "Live Chess"]
[Site "Chess.com"]
[Date "2010.12.14"]
[Round "-"]
[White "thelastemperor"]
[Black "hipposcottimus"]
[Result "1-0"]
[CurrentPosition "6k1/2P2pp1/6p1/p3p3/2B1P2b/1P3P1P/1r3P2/4K2R b - -"]
[Timezone "UTC"]
[ECO "C20"]
[ECOUrl "https://www.chess.com/openings/Kings-Pawn-Opening-Leonardis-Variation"]
[UTCDate "2010.12.14"]
[UTCTime "08:40:47"]
[WhiteElo "1633"]
[BlackElo "1652"]
[TimeControl "60"]
[Termination "thelastemperor won on time"]
[StartTime "08:40:47"]
[EndDate "2010.12.14"]
[EndTime "08:42:53"]
[Link "https://www.chess.com/game/live/77146666"]

1. e4 e5 2. d3 Nc6 3. Be2 Nf6 4. Nf3 d5 5. O-O dxe4 6. dxe4 Bd6 7. Bd3 O-O 8. Bg5 Be7 9. Bxf6 Bxf6 10. Qd2 Be7 11. Qe2 Bg4 12. Nc3 Bg5 13. Nd5 Ne7 14. Nxe7+ Qxe7 15. h3 Bh5 16. c4 Qf6 17. Rad1 Bxf3 18. Qxf3 Qxf3 19. gxf3 Bf4 20. Kg2 Rfe8 21. Rfe1 Re6 22. b3 Rg6+ 23. Kf1 Re8 24. Ke2 Ree6 25. Rh1 Ra6 26. a4 c6 27. c5 b5 28. axb5 Ra2+ 29. Ke1 cxb5 30. Bxb5 Rb2 31. Bc4 a5 32. Rd6 Bg5 33. Rxg6 hxg6 34. c6 Bh4 35. c7 1-0

[Event "Live Chess"]
[Site "Chess.com"]
[Date "2010.12.14"]
[Round "-"]
[White "steiner3"]
[Black "hipposcottimus"]
[Result "1-0"]
[CurrentPosition "5Q1k/p5pp/1p6/8/3P4/5P1P/PP3P2/R4R1K b - -"]
[Timezone "UTC"]
[ECO "D00"]
[ECOUrl "https://www.chess.com/openings/Queens-Pawn-Opening-1...d5-2.e3"]
[UTCDate "2010.12.14"]
[UTCTime "08:38:29"]
[WhiteElo "1567"]
[BlackElo "1661"]
[TimeControl "60"]
[Termination "steiner3 won by checkmate"]
[StartTime "08:38:29"]
[EndDate "2010.12.14"]
[EndTime "08:39:51"]
[Link "https://www.chess.com/game/live/77146232"]

1. d4 d5 2. e3 c6 3. Be2 e6 4. Nc3 Nf6 5. Bd2 Bb4 6. Nf3 Bxc3 7. Bxc3 O-O 8. O-O Ne4 9. Bd2 b6 10. c3 c5 11. h3 cxd4 12. cxd4 Nc6 13. Bc3 f6 14. Qc2 Nxc3 15. Qxc3 Na5 16. Qc2 Nc4 17. Bxc4 dxc4 18. Qxc4 Bb7 19. Qxe6+ Kh8 20. e4 f5 21. exf5 Bxf3 22. gxf3 Qg5+ 23. Kh1 Rxf5 24. Qe4 Rf4 25. Qxa8+ Qd8 26. Qxd8+ Rf8 27. Qxf8# 1-0

[Event "Live Chess"]
[Site "Chess.com"]
[Date "2010.12.14"]
[Round "-"]
[White "hipposcottimus"]
[Black "thelastemperor"]
[Result "0-1"]
[CurrentPosition "6r1/pp2bk2/3p4/8/6n1/4R3/P1P5/4R2K w - -"]
[Timezone "UTC"]
[ECO "C41"]
[ECOUrl "https://www.chess.com/openings/Philidor-Defense-3.Bc4-Be7-4.d4-exd4-5.Nxd4"]
[UTCDate "2010.12.14"]
[UTCTime "08:35:38"]
[WhiteElo "1671"]
[BlackElo "1612"]
[TimeControl "60"]
[Termination "thelastemperor won on time"]
[StartTime "08:35:38"]
[EndDate "2010.12.14"]
[EndTime "08:37:56"]
[Link "https://www.chess.com/game/live/77145629"]

1. e4 e5 2. Nf3 d6 3. Bc4 Be7 4. d4 exd4 5. Nxd4 c5 6. Nc3 cxd4 7. Qxd4 Nf6 8. Bg5 Nc6 9. Qe3 O-O 10. Qg3 h6 11. Bxh6 Nh5 12. Qf3 Nf6 13. Qg3 Nh5 14. Qf3 Nf6 15. e5 Nxe5 16. Bxf7+ Rxf7 17. Qg3 Nh5 18. Qe3 Nf6 19. Bxg7 Rxg7 20. O-O Qe8 21. f4 Qg6 22. Rf2 Nc4 23. Qf3 Nxb2 24. f5 Qg5 25. Raf1 Nc4 26. Ne4 Ne5 27. Nxg5 Nxf3+ 28. Nxf3 Bxf5 29. Nh4 Bg6 30. Nf5 Bxf5 31. Rxf5 Re8 32. R5f2 Kf7 33. g3 Rg6 34. Rf3 Reg8 35. h3 Rxg3+ 36. Kh1 Rxh3+ 37. Rxh3 Ke6 38. Re1+ Kf7 39. Rhe3 Ng4 0-1